 Dungeon Crawl Stone Soup version 0.24.0-123-gd5b16e6ec5 (webtiles) character file.

Game seed: 1960881651246381641, levelgen mode: deterministic

127 Locuples the Covert (level 4, -1/26 HPs)
             Began as a Vampire Assassin on Jan 28, 2020.
             Slain by an adder (2 damage)
             ... on level 3 of the Dungeon.
             The game lasted 00:07:11 (1762 turns).

Locuples the Covert (Vampire Assassin)              Turns: 1762, Time: 00:07:12

Health: -1/26      AC:  4    Str: 10    XL:     4   Next: 85%
Magic:  13/13      EV: 12    Int: 13    God:
Gold:   56         SH:  0    Dex: 16    Spells: 3/3 levels left

rFire    . . .     SeeInvis +   a - +2 dagger
rCold    + + .     Gourm    .   (no shield)
rNeg     + + +     Faith    .   b - +0 robe
rPois    ∞         Spirit   .   (no helmet)
rElec    .         Reflect  .   c - +0 cloak
rCorr    .         Harm     .   (no gloves)
MR       .....                  f - +0 pair of boots
Stlth    ++++++....             (no amulet)
HPRegen  0.00/turn              x - ring of magical power
MPRegen  0.13/turn              (no ring)

@: bloodless
A: no food, fangs 3, see invisible, unbreathing
a: Bat Form, Revivify


You were on level 3 of the Dungeon.
You were bloodless.

You visited 1 branch of the dungeon, and saw 3 of its levels.

You collected 56 gold pieces.

Inventory:

Hand Weapons
 a - a +2 dagger (weapon)
Missiles
 d - 8 poisoned darts (quivered)
 e - 2 curare-tipped darts
Armour
 b - a +0 robe (worn)
 c - a +0 cloak (worn)
 f - a +0 pair of boots (worn)
Jewellery
 x - a ring of magical power (left hand)
Scrolls
 h - a scroll of enchant weapon {unknown}
 i - a scroll of amnesia {unknown}
 j - a scroll of fear {unknown}
 k - 3 scrolls of fog {unknown}
 l - 2 scrolls of teleportation {unknown}
 n - 5 scrolls of identify {unknown}
 q - a scroll of magic mapping {unknown}
 u - a scroll of blinking {unknown}
Potions
 g - 2 potions of curing {unknown}
 m - a potion of degeneration {unknown}
 o - a potion of mutation {unknown}
 p - 3 potions of agility {unknown}
 r - a potion of invisibility {unknown}
 s - a potion of berserk rage {unknown}
 t - a potion of flight {unknown}
 w - a potion of magic {unknown}


   Skills:
 - Level 1.7 Fighting
 + Level 2.8 Short Blades
 - Level 1.5 Throwing
 - Level 1.1 Dodging
 * Level 9.1 Stealth


You had 3 spell levels left.
You didn't know any spells.
Your spell library was empty.

Dungeon Overview and Level Annotations

Branches:
Dungeon (3/15)

Altars:
Ashenzari


Innate Abilities, Weirdness & Mutations

You do not eat.
You do not regenerate when monsters are visible.
You are frail without blood (-20% HP).
You can heal yourself when you bite living creatures.
You are immune to poison.
You have razor-sharp teeth.
You have supernaturally acute eyesight. (SInv)
You can survive without breathing.


Message History

The adder barely misses you.
The orc priest mumbles some strange prayers to Beogh against you.
Beogh smites you!
* * * LOW HITPOINT WARNING * * *
The adder barely misses you.
You miss the adder.
The adder is heavily wounded.
The adder closely misses you.
You closely miss the adder.
The adder is heavily wounded.
The adder bites you.
* * * LOW HITPOINT WARNING * * *
You miss the adder. Your bite misses the adder.
The adder is heavily wounded.
The adder bites you.
* * * LOW HITPOINT WARNING * * *
You closely miss the adder.
The adder is heavily wounded.
The adder bites you.
You die...

####.####.#####.# #
#.......#.# ...
#<#.###.#.# ..#
#......###.#.# ...##.
####.#.......# .....(
..#.#####.#######....##
.....# #.......[.$....
..#..# #..............
.....# #@.††......?...
[..
#.#####S#######....##
#.o.....# r....
####.#### .#.#
#############.# # #
#..)...)).....#
#..#..######### ..###.#
.## ##.#


You could see an adder.

Vanquished Creatures
  An orc wizard (D:3)
  2 adders
  An ooze (D:2)
  3 worms (D:2)
  5 dart slugs
  A leopard gecko (D:2)
  An orc (D:3)
  A giant cockroach (D:1)
  7 goblins
  4 hobgoblins
  7 jackals (D:2)
  3 ball pythons
  4 bats
  9 frilled lizards
  4 kobolds
  A quokka skeleton (D:2)
  9 rats
63 creatures vanquished.

Notes
Turn   | Place    | Note
-------+----------+-------------------------------------------
     0 | D:1      | Locuples the Vampire Assassin began the quest for the Orb.
     0 | D:1      | Reached XP level 1. HP: 16/16 MP: 1/1
    52 | D:1      | Reached skill level 6 in Stealth
   148 | D:1      | Reached XP level 2. HP: 17/17 MP: 2/2
   294 | D:1      | Reached skill level 7 in Stealth
   563 | D:2      | Reached XP level 3. HP: 21/21 MP: 3/3
   852 | D:2      | Reached skill level 8 in Stealth
   933 | D:2      | Reached XP level 4. HP: 26/26 MP: 4/4
  1111 | D:2      | Found a shattered altar of Ashenzari.
  1700 | D:3      | Reached skill level 9 in Stealth
  1761 | D:3      | HP: 1/26 [adder (1)]
  1762 | D:3      | Slain by an adder

Levels and vault maps discovered:
D:1:      ncdulo_smallfort, layout_rooms, minmay_unequal
D:2:      minmay_door_path, layout_loops_cross, evilmike_ruin_ashenzari
D:3:      layout_loops_cross, grunt_dithmenos_smoke_and_mirrors,
          nicolae_overflow_hidden_temple, marbit_many_paths,
          minmay_misc_feat_room

Skill      XL: |  1  2  3  4 |
---------------+-------------+-----
Stealth        | 6 7 8 9 |  9.1
Fighting       | |  1.7
Short Blades   | |  2.8
Throwing       | |  1.5
Dodging        | |  1.1

Action                   |  1- 3 |  4- 6 || total
-------------------------+-------+-------++-------
Melee: Dagger            |    72 |    65 ||   137
       Bite              |     6 |     6 ||    12
Throw: Dart              |       |    16 ||    16
 Abil: Exsanguinate      |     1 |       ||     1
 Stab: Sleeping          |    31 |     4 ||    35
Armor: Robe              |    11 |    13 ||    24
Dodge: Dodged            |    19 |    40 ||    59
